 Dungeon Crawl Stone Soup version 0.19.1 (console) character file.

333 Morrissey the Insei (level 6, -11/43 HPs)
             Began as a Demonspawn Transmuter on Dec 21, 2016.
             Killed by divine providence
             ... invoked by an orc priest
              (16 damage)
             ... on level 4 of the Dungeon.
             The game lasted 00:07:21 (3932 turns).

Morrissey the Insei (Demonspawn Transmuter)         Turns: 3932, Time: 00:07:22

Health: -11/43     AC:  2    Str: 10    XL:     6   Next: 27%
Magic:  11/18      EV: 22    Int: 16    God:
Gold:   253        SH:  0    Dex: 19    Spells: 2 memorised, 5 levels left

rFire  . . .     SeeInvis .       - Unarmed
rCold  + . .     Gourm    +     (armour currently unavailable)
rNeg   . . .     Faith    .     (shield currently unavailable)
rPois  x         Spirit   .     (helmet currently unavailable)
rElec  .         Reflect  .     (cloak currently unavailable)
rCorr  .         Harm     .     (gloves currently unavailable)
MR     .....                    (boots currently unavailable)
Stlth  +++.......               s - amulet of the gourmand
                                y - ring of magical power
                                m - ring of protection from cold

@: spider-form, very slightly contaminated
A: demonic guardian 1, nightstalker 1
a: End Transformation


You were on level 4 of the Dungeon.
You were completely stuffed.
You were a venomous arachnid creature.
You visited 1 branch of the dungeon, and saw 4 of its levels.

You collected 253 gold pieces.

Inventory:

Missiles
 a - 34 arrows
Armour
 b - a +0 robe (melded)
Jewellery
 m - a ring of protection from cold (left front leg)
 s - an amulet of the gourmand (around neck)
 y - a ring of magical power (right front leg)
Scrolls
 e - 3 scrolls of teleportation {unknown}
 f - 2 scrolls of fog {unknown}
 g - 2 scrolls of remove curse {unknown}
 h - 4 scrolls of enchant weapon {unknown}
 i - 4 scrolls of identify {unknown}
 l - a scroll of noise {unknown}
 n - a scroll of enchant armour {unknown}
 t - 2 scrolls of amnesia {unknown}
 u - a scroll of magic mapping {unknown}
 v - a scroll of random uselessness {unknown}
Potions
 j - a potion of cure mutation {unknown}
 o - a potion of heal wounds {unknown}
 r - a potion of might {unknown}
 x - a potion of curing {unknown}
 B - a potion of haste {unknown}
Books
 c - a book of Changes

   Spells                             Type                      Level
   a - Beastly Appendage              Transmutation                1
   b - Sticks to Snakes               Transmutation                2
   c - Spider Form                    Transmutation/Poison         3
   d - Ice Form                       Ice/Transmutation            4
   e - Blade Hands                    Transmutation                5
Comestibles
 d - 4 bread rations
 k - 3 meat rations
 p - 2 beef jerkies
 q - 2 royal jellies
 w - a slice of pizza
 z - 8 chunks of flesh
 A - 4 fruits


   Skills:
 - Level 1.0 Fighting
 + Level 3.6 Dodging
 + Level 4.3 Unarmed Combat
 - Level 2.0 Spellcasting
 + Level 3.8 Transmutations


You had 5 spell levels left.
You knew the following spells:

 Your Spells              Type           Power        Failure   Level  Hunger
a - Beastly Appendage     Tmut           ##....       17%         1    #......
b - Spider Form           Tmut/Pois      #.........   56%         3    ###....


Dungeon Overview and Level Annotations

Branches:
Dungeon (4/15)
 Temple: D:4-7

Altars:
Cheibriados
Dithmenos
Gozag
Trog
The Shining One


Innate Abilities, Weirdness & Mutations

A weak demonic guardian rushes to your aid.
You are slightly more attuned to the shadows.


Message History

The orc is severely wounded.
Your quasit disappears in a puff of smoke!
The orc completely misses you.
You hit the orc priest but do no damage.
The orc priest is poisoned.
The orc priest is lightly wounded.
The orc hits you with a falchion.
* * * LOW HITPOINT WARNING * * *
You hit the orc priest.
The orc priest is heavily wounded.
The orc priest barely misses you. The orc completely misses you.
You hit the orc priest.
The orc priest looks as sick as possible!
The orc priest is heavily wounded.
The orc priest misses you. The orc barely misses you.
You barely miss the orc priest.
The orc priest is severely wounded.
The orc priest calls down the wrath of Beogh upon you.
Beogh smites you!
You die...

<.............#..#
........###.#....###
........###.#.......
.........##.#.##.#
..####.#.........#
................##
.......########..####.#
...###.# #.......#
.#####.###### #.so###..
............. ###o.#
.......#####. .....
.....[.# .....?
#..)...# ......
#.....## ...... #######
####..


You could see an orc priest and an orc.

Vanquished Creatures
  A scorpion (D:4)
  A howler monkey (D:4)
  A worker ant (D:4)
  6 adders
  2 worms
  A dart slug (D:4)
  5 leopard geckos
  10 orcs
  5 giant cockroaches
  7 goblins
  12 hobgoblins
  3 quokkas
  6 bats
  8 frilled lizards
  8 kobolds
  7 rats
83 creatures vanquished.

Vanquished Creatures (collateral kills)
  A water moccasin (D:3)
1 creature vanquished.

Grand Total: 84 creatures vanquished

Notes
Turn   | Place    | Note
-------+----------+-------------------------------------------
     0 | D:1      | Morrissey the Demonspawn Transmuter began the quest for the Orb.
     0 | D:1      | Reached XP level 1. HP: 15/15 MP: 3/3
   285 | D:1      | Gained mutation: You are slightly more attuned to the shadows. [demonic ancestry]
   285 | D:1      | Reached XP level 2. HP: 17/21 MP: 5/5
   797 | D:1      | Reached skill level 3 in Unarmed Combat
  1111 | D:1      | Gained mutation: A weak demonic guardian rushes to your aid. [demonic ancestry]
  1111 | D:1      | Reached XP level 3. HP: 26/26 MP: 6/6
  1116 | D:1      | Learned a level 3 spell: Spider Form
  2084 | D:2      | Reached XP level 4. HP: 23/32 MP: 2/7
  2367 | D:2      | Found a bloodstained altar of Trog.
  3090 | D:3      | Noticed a water moccasin
  3141 | D:3      | Killed a water moccasin
  3141 | D:3      | Reached skill level 4 in Unarmed Combat
  3141 | D:3      | Reached XP level 5. HP: 28/37 MP: 1/8
  3311 | D:3      | Found a glowing golden altar of the Shining One.
  3314 | D:3      | Found a shadowy altar of Dithmenos.
  3319 | D:3      | Found an opulent altar of Gozag.
  3699 | D:4      | Found a snail-covered altar of Cheibriados.
  3834 | D:4      | Reached XP level 6. HP: 39/43 MP: 9/9
  3932 | D:4      | Killed from afar by an orc priest

Skill      XL: |  1  2  3  4 |
---------------+-------------+-----
Dodging        | 2 3 |  3.6
Transmutations | 2 3 |  3.8
Unarmed Combat | 3 4 |  4.3
Fighting       | |  1.0
Spellcasting   | |  2.0

Action                   |  1- 3 |  4- 6 || total
-------------------------+-------+-------++-------
Melee: Unarmed           |   158 |   139 ||   297
       Punch             |     1 |     1 ||     2
       Headbutt          |     4 |       ||     4
 Cast: Beastly Appendage |     6 |       ||     6
       Spider Form       |     7 |    16 ||    23
 Abil: End Transformatio |     4 |     4 ||     8
 Stab: Sleeping          |     2 |     7 ||     9
  Eat: Chunk             |     7 |    19 ||    26
Armor: Robe              |    25 |    12 ||    37
       Skin              |       |     5 ||     5
Dodge: Dodged            |    86 |   125 ||   211
